 Dungeon Crawl Stone Soup version 0.29-a0-1052-g6990b1bffc (webtiles) character file.

Game seed: 17537782124359909009

86001 RepoMan the Brawler (level 15, -6/234 HPs)
             Began as a Troll Earth Elementalist on Aug 17, 2022.
             Was the Champion of Wu Jian.
             Succumbed to a wolf spider's poison
             ... on level 15 of the Dungeon.
             The game lasted 02:21:04 (20111 turns).

RepoMan the Brawler (Troll Earth Elementalist)     Turns: 20111, Time: 02:21:04

Health: -6/234     AC:  8    Str: 28    XL:     15   Next: 39%
Magic:  17/17      EV: 12    Int: 12    God:    Wu Jian [******]
Gold:   2161       SH: 14    Dex:  9    Spells: 15/18 levels left

rFire   + . .      SeeInvis .     - Unarmed
rCold   + . .      Faith    .   S - +1 tower shield {rC+}
rNeg    + . .      Spirit   .   a - +0 troll leather armour
rPois   .          Reflect  .   (helmet restricted)
rElec   +          Harm     .   o - +1 cloak
rCorr   .          Rampage  .   (gloves unavailable)
Will    ++...                   (boots unavailable)
Stlth   ..........              P - amulet of regeneration
HPRegen 2.89/turn               T - +4 ring of evasion
MPRegen 0.15/turn               q - ring of Free Will {rElec rF+ rN+ Will+}

@: berserking (expiring), lethally poisoned (-6 -> -34), exhausted, studying 2
skills, very quick
A: large, unfitting armour, claws 3, regeneration 1, shaggy fur 1, tough skin 1,
strong 1, subdued magic 1
a: Renounce Religion, Wall Jump, Serpent's Lash, Heavenly Storm


You were on level 15 of the Dungeon.
You worshipped Wu Jian.
Wu Jian was exalted by your worship.
You visited 4 branches of the dungeon, and saw 23 of its levels.
You also visited: Gauntlet and Ice Cave.

You collected 2350 gold pieces.
You spent 189 gold pieces at shops.

Inventory:

Hand Weapons
 s - a +4 scimitar of flaming
Missiles
 L - 21 large rocks
 W - 5 silver javelins
 Z - 4 curare-tipped darts
Armour
 a - a +0 troll leather armour (worn)
 o - a +1 cloak (worn)
 S - a +1 tower shield of cold resistance (worn)
Jewellery
 f - a +4 ring of protection
 m - a ring of flight
 n - a ring of see invisible
 q - the ring of Free Will (right claw) {rElec rF+ rN+ Will+}
   (You acquired it in an ice cave)

   [ring of positive energy]

   rF:        It protects you from fire.
   rElec:     It insulates you from electricity.
   rN:        It protects you from negative energy.
   Will:      It increases your willpower.
 P - an amulet of regeneration (around neck)
 T - a +4 ring of evasion (left claw)
Wands
 A - a wand of roots (23)
 E - a wand of mindburst (1)
 I - a wand of paralysis (14)
 Q - a wand of polymorph (4)
 U - a wand of digging (6)
 X - a wand of acid (1)
Scrolls
 d - 5 scrolls of blinking
 h - a scroll of torment
 k - 4 scrolls of identify
 l - 5 scrolls of amnesia
 r - 4 scrolls of butterflies
 t - 2 scrolls of vulnerability {unknown}
 y - 12 scrolls of teleportation
 D - a scroll of silence {unknown}
 K - 5 scrolls of poison
 N - 4 scrolls of fear
 O - 4 scrolls of magic mapping
 R - 5 scrolls of enchant armour
 Y - 2 scrolls of immolation
Potions
 b - 3 potions of magic
 e - 6 potions of mutation
 g - 4 potions of heal wounds
 i - 2 potions of haste
 p - 2 potions of brilliance
 v - 6 potions of attraction
 w - 13 potions of curing {unknown}
 x - 2 potions of invisibility
 z - 2 potions of flight {unknown}
 G - 2 potions of cancellation {unknown}
 H - a potion of ambrosia {unknown}
 J - a potion of resistance {unknown}
Miscellaneous
 c - a condenser vane
 j - a phantom mirror


   Skills:
 + Level 11.9 Fighting
 - Level 6.7 Dodging
 - Level 1.0 Stealth
 * Level 7.6 Shields
 + Level 20.0 Unarmed Combat
 - Level 2.2 Spellcasting
 - Level 2.2 Transmutations
 - Level 7.3 Earth Magic


You had 15 spell levels left.
You knew the following spells:

 Your Spells              Type           Power      Damage    Failure   Level
s - Sandblast             Erth           28%        2d8       5%          1
w - Passwall              Tmut/Erth      7%         N/A       26%         2

Your spell library contained the following spells:

 Spells                   Type           Power      Damage    Failure   Level
 Stone Arrow              Conj/Erth      14%        3d7       65%         3
 Apportation              Tloc           2%         N/A       80%         1
 Magic Dart               Conj           4%         1d3       80%         1
 Necrotise                Necr           4%         1d4       80%         1
 Shock                    Conj/Air       4%         1d3       80%         1
 Slow                     Hex            4%         N/A       80%         1
 Petrify                  Tmut/Erth      9%         N/A       88%         4
 Call Imp                 Summ           1%         N/A       90%         2
 Ensorcelled Hibernation  Hex/Ice        2%         N/A       90%         2
 Static Discharge         Conj/Air       1%         3-4/arc   90%         2
 Spider Form              Tmut/Pois      3%         N/A       95%         3
 Ignite Poison            Fire/Tmut/Pois 2%         N/A       96%         3
 Confusing Touch          Hex            1%         N/A       99%         3
 Mephitic Cloud           Conj/Pois/Air  1%         N/A       99%         3
 Swiftness                Air            1%         N/A       99%         3
 Tukima's Dance           Hex            1%         N/A       99%         3
 Vampiric Draining        Necr           1%         2d6       99%         3
 Airstrike                Air            0%         2d(1-17)  100%        4
 Anguish                  Hex/Necr       0%         N/A       100%        4
 Animate Dead             Necr           1%         N/A       100%        4
 Hailstorm                Conj/Ice       1%         3d3       100%        4
 Ice Form                 Ice/Tmut       3%         N/A       100%        4
 Passage of Golubria      Tloc           1%         N/A       100%        4
 Agony                    Necr           1%         N/A       100%        5
 Alistair's Intoxication  Tmut/Pois      2%         N/A       100%        5
 Borgnjor's Vile Clutch   Necr/Erth      3%         N/A       100%        5
 Freezing Cloud           Conj/Ice/Air   0%         6-21      100%        5
 Lightning Bolt           Conj/Air       0%         1d11      100%        5
 Yara's Violent Unravell  Hex/Tmut       1%         3d3       100%        5
 Death Channel            Necr           0%         N/A       100%        6
 Simulacrum               Ice/Necr       0%         N/A       100%        6
 Enfeeble                 Hex            0%         N/A       100%        7
 Maxwell's Capacitive Co  Air            0%         ∞         100%        8
 Polar Vortex             Ice            0%         N/A       100%        9


Dungeon Overview and Level Annotations

Branches:
Dungeon (15/15)            Temple (1/1) D:5            Lair (5/5) D:9
 Shoals (0/4) Lair:3       Spider (0/4) Lair:3        Slime (0/5) Lair:4
    Orc (2/2) D:11            Elf (0/3) Orc:2        Vaults (0/5) D:13
 Depths (0/4) D:15          IceCv (visited)         Gauntlet (visited)

Altars:
Cheibriados
Dithmenos
Elyvilon
Fedhas
Gozag
Hepliaklqana
Kikubaaqudgha
Nemelex Xobeh
Qazlal
Sif Muna
Trog
Uskayaw
Vehumet
Wu Jian
Xom
Zin
Jiyva

Shops:
D:6 *   Orc:1 *   Orc:2 (*[:

Portals:
Trove: D:10 (give 3 potions of resistance)

Annotations:
D:4 2 transporters, KleinerIrrer's ghost, amateur MeHu
Lair:3 3 runed translucent doors, Gelon's ghost, journeyman TeAE; Onkuvak's ghost, journeyman TrMo; Ydonikav's ghost, journeyman GnHu; jur's ghost, journeyman DEEE
Lair:5 1 runed translucent door, WasteTime5's ghost, journeyman HOBe


Innate Abilities, Weirdness & Mutations

You are too large for most types of armour.
You have claws for hands.
Your natural rate of healing is unusually fast.
You are covered in fur. (AC +1)
You have tough skin. (AC +1)
Your muscles are strong. (Str +4, Int/Dex -1)
Your spells are a little easier to cast, but a little less powerful.


Message History

Aiming: Wall Jump
Press: ? - help, Dir - move target
Found a staircase to the Depths.
You repeatedly attack the wolf spider from above.
You closely miss the wolf spider.
The wolf spider is moderately wounded.
You barely miss the wolf spider.
The wolf spider is moderately wounded.
You closely miss the wolf spider.
The wolf spider is moderately wounded.
You repeatedly attack the dire elephant from above.
You eviscerate the dire elephant!!!
The dire elephant is moderately wounded.
You mangle the dire elephant!!
The dire elephant is heavily wounded.
You feel extremely sick. You block the wolf spider's attack.
The wolf spider bites you!
* * * LOW HITPOINT WARNING * * *
You block the wolf spider's attack. x2
The dire elephant splashes around in the water.
The dire elephant trunk-slaps you!
* * * LOW HITPOINT WARNING * * *
Unknown command.
Unknown command.
You mangle the wolf spider!!
The wolf spider is severely wounded.
You feel very sick. The wolf spider hits you!
* * * LOW HITPOINT WARNING * * *
The wolf spider bites you.
* * * LOW HITPOINT WARNING * * *
You are more poisoned.
The wolf spider poisons you! The dire elephant tramples you!!
* * * LOW HITPOINT WARNING * * *
You hold your ground!
The dire elephant trunk-slaps you!
* * * LOW HITPOINT WARNING * * *
Unknown command.
You are too berserk!
You are too berserk!
You die...

#. #.. # ##.####>
#......# #≈.#.≈.#
#.^ ...#
##.####.####
#...#.s.@..#
#.≈...Y°#..#
#...########
#.###.. #..# .#
##.##.#####
######.......... .
................
.#####.##..........


You could see a dire elephant and a wolf spider.

Vanquished Creatures
  Saint Roka (Orc:2)
  Nessos (D:15)
  A minotaur (Gauntlet)
  The ghost of Duwic the Blocker, a journeyman DDFi (Orc:1)
  7 hydras
  A boulder beetle (D:14)
  An ogre mage (D:13)
  4 centaur warriors
  A catoblepas (Lair:5)
  4 two-headed ogres
  A death knight (D:13)
  3 death yaks (Lair:4)
  A death scarab (Gauntlet)
  A tengu warrior (D:11)
  Urug (Lair:4)
  Nergalle (Lair:1)
  An orc high priest (Orc:2)
  Amaemon (Lair:3)
  A skeletal warrior (D:13)
  A lindwurm (Lair:4)
  3 deep elf pyromancers
  5 orc knights
  A bog body (IceCv)
  A necromancer (IceCv)
  A wizard (D:14)
  2 orc sorcerers (Orc:2)
  11 ugly things
  3 manticores
  4 cyclopes
  2 ice statues (IceCv)
  Maurice (Orc:1)
  4 black mambas
  3 gargoyles
  A rust devil (Gauntlet)
  7 cane toads
  4 torpor snails (Lair:4)
  An orange demon (Lair:3)
  2 yaktaurs (D:13)
  4 centaur skeletons (D:13)
  14 komodo dragons
  Maggie (D:10)
  2 rime drakes
  7 ice devils
  An anaconda simulacrum (IceCv)
  2 efreet
  8 trolls
  5 polar bears
  Prince Ribbit (D:5)
  3 hornets (Lair:5)
  A wind drake (Lair:3)
  7 slime creatures (D:12)
  3 dream sheep (Lair:5)
  27 blink frogs
  A spectral dream sheep (Gauntlet)
  Sigmund (D:2)
  34 yaks
  A spriggan (shapeshifter) (D:14)
  A vampire (D:10)
  2 wraiths
  A ynoxinul (Gauntlet)
  11 spriggans (Lair:5)
  6 wyverns
  A dire elephant simulacrum (IceCv)
  A redback (Lair:3)
  2 basilisks
  10 vampire mosquitoes
  2 wargs (Orc:2)
  Edmund (D:6)
  3 harpy simulacra (IceCv)
  15 water moccasins
  An acid dragon (D:12)
  5 hydra simulacra (IceCv)
  Duvessa (D:5)
  5 black bears (Lair:5)
  A sky beast (D:6)
  24 orc warriors
  10 ogres
  29 wolves
  6 boggarts
  8 centaurs
  A phantom (D:4)
  3 kobold brigands
  Blork the orc (D:5)
  10 bullfrogs
  2 necrophages
  3 scorpions
  9 wights
  Dowan (D:5)
  17 killer bees
  2 howler monkeys (D:10)
  5 electric eels
  2 lava snakes (Lair:3)
  6 hounds
  2 gnoll boudas
  16 orc priests
  4 iron imps (Gauntlet)
  4 iguanas (D:5)
  25 orc wizards
  2 spriggan simulacra (IceCv)
  A troll simulacrum (IceCv)
  6 adders
  10 gnolls
  A shadow imp (D:7)
  18 white imps
  3 worms
  A dart slug (D:1)
  54 orcs
  9 ball pythons
  3 bats
  An endoplasm (D:2)
  3 giant cockroaches
  7 goblins
  2 hobgoblins
  2 jackals (D:3)
  24 kobolds
  2 quokkas
  2 frilled lizards
  5 rats
628 creatures vanquished.

Vanquished Creatures (collateral kills)
  A phantasmal warrior (D:13)
  3 wraiths (D:13)
  An ogre (D:13)
5 creatures vanquished.

Vanquished Creatures (others)
  A bush (D:7)
  33 fungi
  25 plants
  2 withered plants (Lair:5)
61 creatures vanquished.

Grand Total: 694 creatures vanquished

Notes
Turn   | Place    | Note
-------+----------+-------------------------------------------
     0 | D:1      | RepoMan the Troll Earth Elementalist began the quest for
                  | the Orb.
     0 | D:1      | Reached XP level 1. HP: 16/16 MP: 1/1
   174 | D:1      | Reached XP level 2. HP: 24/24 MP: 0/3
   177 | D:1      | Learned a level 2 spell: Passwall
   294 | D:1      | Reached skill level 1 in Unarmed Combat
   401 | D:1      | Found a faded altar of an unknown god.
   408 | D:1      | Reached skill level 1 in Transmutations
   561 | D:1      | You fall into a shaft and drop 1 floor!
  1155 | D:2      | Noticed Sigmund
  1318 | D:3      | Reached XP level 3. HP: 31/31 MP: 0/4
  1467 | D:3      | Reached skill level 2 in Unarmed Combat
  1527 | D:3      | Reached XP level 4. HP: 39/39 MP: 3/5
  1775 | D:3      | Noticed an ogre
  1786 | D:3      | Killed an ogre
  1787 | D:3      | Reached skill level 3 in Unarmed Combat
  1787 | D:3      | Reached XP level 5. HP: 45/45 MP: 3/6
  2214 | D:4      | Noticed an ogre
  2388 | D:4      | Killed an ogre
  2389 | D:4      | Reached XP level 6. HP: 15/53 MP: 5/8
  2447 | D:4      | Noticed KleinerIrrer's ghost (amateur MeHu)
  2448 | D:4      | Found a transporter.
  2448 | D:4      | Identified the +4 great mace of the Lair of Beasts {elec,
                  | rElec Int+5}
  2652 | D:4      | Reached skill level 4 in Unarmed Combat
  2773 | D:4      | Found a transporter.
  2824 | D:5      | Entered Level 5 of the Dungeon
  2886 | D:5      | Reached skill level 5 in Unarmed Combat
  2886 | D:5      | Reached XP level 7. HP: 59/59 MP: 7/9
  3334 | D:5      | Noticed Prince Ribbit
  3355 | D:5      | Gained mutation: Your spells are a little easier to cast,
                  | but a little less powerful. [potion of mutation]
  3355 | D:5      | Gained mutation: Your muscles are strong. (Str +4, Int/Dex
                  | -1) [potion of mutation]
  3360 | D:5      | Killed Prince Ribbit
  3361 | D:5      | Reached skill level 1 in Fighting
  3361 | D:5      | Reached skill level 6 in Unarmed Combat
  3414 | D:5      | Found a staircase to the Ecumenical Temple.
  3451 | D:5      | Noticed Dowan
  3460 | D:5      | Reached XP level 8. HP: 71/71 MP: 7/10
  3462 | D:5      | Noticed Duvessa
  3469 | D:5      | Killed Duvessa
  3470 | D:5      | Reached skill level 7 in Unarmed Combat
  3486 | D:5      | Killed Dowan
  3585 | D:5      | Noticed Blork the orc
  3592 | D:5      | Killed Blork the orc
  3678 | Temple   | Entered the Ecumenical Temple
  3710 | Temple   | Became a worshipper of the Wu Jian Council
  3900 | D:6      | Reached skill level 8 in Unarmed Combat
  4210 | D:6      | Noticed Edmund
  4221 | D:6      | Killed Edmund
  4225 | D:6      | Found Kilihefu's Assorted Antiques.
  4551 | D:7      | Reached skill level 9 in Unarmed Combat
  4555 | D:7      | Reached XP level 9. HP: 48/84 MP: 11/11
  4907 | D:7      | Found a radiant altar of Vehumet.
  4908 | D:7      | Found a sparkling altar of Nemelex Xobeh.
  4912 | D:7      | Reached * piety under Wu Jian
  4950 | D:7      | Reached skill level 10 in Unarmed Combat
  4983 | D:7      | Found a shimmering altar of Xom.
  5448 | D:8      | Reached skill level 5 in Fighting
  5620 | D:9      | Reached skill level 11 in Unarmed Combat
  5737 | D:9      | Reached XP level 10. HP: 88/96 MP: 12/12
  5875 | D:9      | Found a staircase to the Lair.
  5916 | D:9      | Reached ** piety under Wu Jian
  5917 | D:9      | Reached skill level 12 in Unarmed Combat
  6003 | D:9      | Noticed a two-headed ogre
  6015 | D:9      | Killed a two-headed ogre
  6073 | D:9      | Found a blossoming altar of Fedhas.
  6443 | D:8      | Found a glowing silver altar of Zin.
  6444 | D:8      | Found a bloodstained altar of Trog.
  6942 | D:10     | Entered Level 10 of the Dungeon
  7074 | D:10     | Noticed Maggie
  7083 | D:10     | Killed Maggie
  7084 | D:10     | Reached skill level 13 in Unarmed Combat
  7322 | D:10     | Found a portal to a secret trove of treasure.
  7654 | D:10     | Reached XP level 11. HP: 92/109 MP: 11/13
  8431 | D:2      | Reached *** piety under Wu Jian
  8892 | D:2      | Killed Sigmund
  9034 | Lair:1   | Entered Level 1 of the Lair of Beasts
  9057 | Lair:1   | Noticed Nergalle
  9069 | Lair:1   | Killed Nergalle
  9078 | Lair:1   | Reached skill level 14 in Unarmed Combat
  9946 | Lair:2   | Reached skill level 15 in Unarmed Combat
  9958 | Lair:2   | Noticed a seven-headed hydra
  9965 | Lair:2   | Killed a nine-headed hydra
 10254 | Lair:2   | Reached XP level 12. HP: 112/122 MP: 14/14
 10890 | Lair:3   | Found a runed translucent gate.
 10894 | Lair:3   | Found a runed translucent gate.
 10895 | Lair:3   | Found a runed translucent gate.
 10896 | Lair:3   | Noticed Ydonikav's ghost (journeyman GnHu)
 10896 | Lair:3   | Noticed Gelon's ghost (journeyman TeAE)
 10896 | Lair:3   | Noticed jur's ghost (journeyman DEEE)
 10897 | Lair:3   | Noticed Onkuvak's ghost (journeyman TrMo)
 10909 | Lair:3   | Noticed a six-headed hydra
 10922 | Lair:3   | Reached **** piety under Wu Jian
 10923 | Lair:3   | Noticed Amaemon
 10935 | Lair:3   | Killed an 11-headed hydra
 10936 | Lair:3   | Reached skill level 16 in Unarmed Combat
 10936 | Lair:3   | Killed Amaemon
 11017 | Lair:3   | Found a staircase to the Shoals.
 11095 | Lair:3   | Found a hole to the Spider Nest.
 11539 | Lair:3   | Noticed a seven-headed hydra
 11574 | Lair:3   | Killed an 11-headed hydra
 11575 | Lair:3   | Reached skill level 17 in Unarmed Combat
 11975 | Lair:4   | Noticed a death yak
 11977 | Lair:4   | Noticed a death yak
 11989 | Lair:4   | Killed a death yak
 12019 | Lair:4   | Noticed a death yak
 12031 | Lair:4   | Killed a death yak
 12031 | Lair:4   | Reached ***** piety under Wu Jian
 12032 | Lair:4   | Reached XP level 13. HP: 131/133 MP: 15/15
 12090 | Lair:4   | Found a snail-covered altar of Cheibriados.
 12224 | Lair:4   | Reached skill level 10 in Fighting
 12414 | Lair:4   | Found a staircase to the Slime Pits.
 12414 | Lair:4   | Found a viscous altar of Jiyva.
 12420 | Lair:4   | Noticed Urug
 12428 | Lair:4   | Killed Urug
 12489 | Lair:4   | Reached skill level 18 in Unarmed Combat
 12773 | Lair:5   | Entered Level 5 of the Lair of Beasts
 12783 | Lair:5   | Reached skill level 5 in Earth Magic
 12885 | Lair:5   | Found a runed translucent door.
 12885 | Lair:5   | Noticed WasteTime5's ghost (journeyman HOBe)
 13013 | Lair:5   | Identified the amulet "Zonyocs" {RegenMP rElec}
 13406 | Lair:5   | Reached skill level 5 in Dodging
 14170 | D:11     | Found a frozen archway.
 14211 | D:11     | Found a staircase to the Orcish Mines.
 14233 | D:11     | Found a gate leading to a gauntlet.
 14243 | Gauntlet | Entered a Gauntlet
 14243 | Gauntlet | Found a transporter.
 14251 | Gauntlet | Found a transporter.
 14253 | Gauntlet | Found a transporter.
 14254 | Gauntlet | Found a transporter.
 14262 | Gauntlet | Found a transporter.
 14265 | Gauntlet | Found a transporter.
 14266 | Gauntlet | Found a transporter.
 14274 | Gauntlet | Found a transporter.
 14277 | Gauntlet | Found a transporter.
 14278 | Gauntlet | Found a transporter.
 14282 | Gauntlet | Noticed a blizzard demon
 14289 | Gauntlet | Found a transporter.
 14290 | Gauntlet | Found a transporter.
 14298 | Gauntlet | Found a transporter.
 14322 | Gauntlet | Found a transporter.
 14424 | Gauntlet | Reached ****** piety under Wu Jian
 14472 | Gauntlet | Noticed a minotaur
 14474 | Gauntlet | Killed a minotaur
 14474 | Gauntlet | Reached XP level 14. HP: 113/144 MP: 16/16
 14530 | IceCv    | Entered an ice cave
 14779 | IceCv    | Reached skill level 19 in Unarmed Combat
 14893 | IceCv    | Identified a scroll of acquirement
 14894 | IceCv    | Acquired the ring of Free Will {rElec rF+ rN+ Will+}
 15781 | Orc:1    | Entered Level 1 of the Orcish Mines
 15786 | Orc:1    | Noticed Maurice
 15787 | Orc:1    | Found a runed translucent gate.
 15788 | Orc:1    | Found a runed translucent gate.
 15788 | Orc:1    | Found an opulent altar of Gozag.
 15791 | Orc:1    | Found a runed translucent gate.
 15791 | Orc:1    | Killed Maurice
 15837 | Orc:1    | Found Loacw's Assorted Antiques.
 15837 | Orc:1    | Noticed Duwic's ghost (journeyman DDFi)
 15859 | Orc:1    | Reached skill level 1 in Shields
 15938 | Orc:1    | Killed Duwic's ghost
 15993 | Orc:2    | Entered Level 2 of the Orcish Mines
 16126 | Orc:1    | Found a bloodstained altar of Trog.
 16496 | Orc:2    | Found a staircase to the Elven Halls.
 16756 | Orc:2    | Noticed Saint Roka
 16772 | Orc:2    | Killed Saint Roka
 16843 | Orc:2    | Found Jisea's Antique Weapon Boutique.
 16855 | Orc:2    | Found Jileank's Antique Armour Boutique.
 16899 | Orc:2    | Found Loingecw's General Store.
 16905 | Orc:2    | Bought 3 scrolls of identify for 72 gold pieces
 16905 | Orc:2    | Bought a scroll of identify for 24 gold pieces
 16905 | Orc:2    | Bought a scroll of noise for 12 gold pieces
 16905 | Orc:2    | Bought a scroll of identify for 24 gold pieces
 16905 | Orc:2    | Bought a wand of roots (2) for 57 gold pieces
 16922 | Orc:2    | Found Nirait's Book Boutique.
 17116 | Orc:2    | Found a shimmering blue altar of Sif Muna.
 18559 | D:13     | Reached skill level 5 in Shields
 18703 | D:13     | Reached XP level 15. HP: 93/154 MP: 17/17
 19200 | D:13     | Found a gate to the Vaults.
 19365 | D:14     | Found a white marble altar of Elyvilon.
 19884 | D:15     | Entered Level 15 of the Dungeon
 19998 | D:15     | Noticed Nessos
 20003 | D:15     | Killed Nessos
 20106 | D:15     | Reached skill level 20 in Unarmed Combat
 20109 | D:15     | Found a staircase to the Depths.
 20110 | D:15     | HP: 10/234 [dire elephant (29)]
 20110 | D:15     | HP: 1/234 [dire elephant (9)]
 20111 | D:15     | Succumbed to a wolf spider's poison

Illustrated notes

Levels and vault maps discovered:
D:1:      lemuel_arrival_funnel, layout_basic,
          chequers_ecumenical_altar_simple_redux, dreamdust_mushroom_princess
D:2:      layout_rooms, minmay_misc_feat_room, minmay_parallelograms,
          uniq_sigmund
D:3:      layout_loops_corners, minmay_misc_feat_plants
D:4:      layout_basic, gammafunk_ghost_smash, minmay_misc_feat_pillars,
          nicolae_grassy_gnolls
D:5:      layout_basic, temple_statues, uniq_prince_ribbit1, uniq_duvessa,
          uniq_blork_the_orc
D:6:      layout_loops_ring, nicolae_take_the_stairs, uniq_edmund
D:7:      layout_rooms, gammafunk_temple_overflow_forgotten
D:8:      layout_gridville, amethyst_overflow_temple_binary
D:9:      layout_basic, lemuel_crystal_altar, lair_entry_dummy
D:10:     layout_basic, enter_trove_3, uniq_maggie
D:11:     layout_long_grid, minmay_orc_entry_temple_small,
          portal_ice_cave_entry_imps, gauntlet_entry_generic,
          kennysheep_diamond, small_chamber_with_monster, st_stairs_9,
          eino_small_chamber_without_monster
D:12:     layout_basic
D:13:     layout_small_grid, hangedman_vaults_entry_quadrant_bands
D:14:     layout_basic, minmay_misc_feat_four_crosses,
          nicolae_elyvilon_peaceful_grove
D:15:     hangedman_depths_entry_try_elsewhere_first, layout_rooms, uniq_nessos
Temple:   eino_temple_scatter_basement
Lair:1:   layout_chaotic_city, uniq_nergalle
Lair:2:   layout_small_grid, serial_bayou_shore_a, grunt_megastairs_2
Lair:3:   beast_lair_carwin_large_3, layout_hall_layers,
          minmay_shoals_entry_beasts, spider_nest_entry_webs,
          gammafunk_ghost_cemetery, nicolae_lair_liquid_snakes,
          grunt_megastairs_5, uniq_amaemon
Lair:4:   layout_regular_city, slime_entry_1, chequers_serial_rivers_micro_b,
          kennysheep_snail_temple, uniq_urug
Lair:5:   minmay_lair_end_enchanted_forest, layout_regular_city,
          gammafunk_ghost_grave, serial_bayou_shore_b, grunt_megastairs_1
Orc:1:    layout_diamond_mine, basic_altar, ebering_ghost_gozag, serial_shops,
          nicolae_square_shop, uniq_maurice
Orc:2:    grunt_orc_cross, layout_caves, kennysheep_orc_sif_temple

Skill      XL: |  1  2  3  4  5  6  7  8  9 10 11 12 13 14 15 |
---------------+----------------------------------------------+-----
Unarmed Combat | 1 2 3 5 6 9 11 13 15 17 18 19 20 | 20.0
Transmutations | 1 2 |  2.2
Earth Magic    | 3 4 6 7 |  7.3
Spellcasting   | 2 |  2.2
Fighting       | 1 3 5 7 8 9 10 11 | 11.9
Dodging        | 6 |  6.7
Shields        | 5 7 |  7.6
Stealth        | |  1.0

Action                   |  1- 3 |  4- 6 |  7- 9 | 10-12 | 13-15 || total
-------------------------+-------+-------+-------+-------+-------++-------
Melee: Unarmed           |    23 |    65 |   233 |   510 |   965 ||  1796
       Punch             |       |     2 |     4 |    37 |    42 ||    85
Throw: Stone             |     2 |     1 |     3 |       |       ||     6
       Dart              |     1 |    14 |    34 |     7 |     3 ||    59
       Large rock        |       |       |       |     5 |     9 ||    14
 Cast: Sandblast         |    26 |    34 |    56 |    41 |     7 ||   164
       Passwall          |       |       |       |       |     1 ||     1
Invok: Lunge             |       |       |    25 |    63 |   131 ||   219
       Whirlwind         |       |       |       |    58 |   121 ||   179
       Serpent's Lash    |       |       |       |     2 |    15 ||    17
 Abil: Wall Jump         |       |       |       |    14 |    17 ||    31
Evoke: Wand              |       |       |       |    25 |    13 ||    38
       Condenser vane    |       |       |       |       |     1 ||     1
  Use: Potion            |       |       |     3 |     3 |     7 ||    13
       Scroll            |       |       |     6 |     4 |    15 ||    25
 Stab: Sleeping          |       |       |     1 |       |     1 ||     2
       Paralysed         |       |       |       |     2 |     1 ||     3
       Distracted        |       |       |       |     1 |       ||     1
Armor: Robe              |     5 |    21 |    63 |    24 |       ||   113
       Skin              |       |       |     3 |    21 |     9 ||    33
       Steam dragon scal |       |       |       |     9 |       ||     9
       Troll leather arm |       |       |       |    98 |   174 ||   272
Dodge: Dodged            |    14 |    17 |    72 |   142 |   179 ||   424
Block: Tower shield      |       |       |       |       |   207 ||   207

Table legend: (Time is in decaauts)
 A = Elapsed time spent in this place.
 B = Non-inter-level travel time spent in this place.
 C = Inter-level travel time spent in this place.
 D = Time resting spent in this place.
 E = Time spent auto-exploring this place.
 F = Levels seen in this place.
 G = Mean time per level.
                   A        B        C        D        E       F      G
               +--------+--------+--------+--------+--------+-----+--------+
         Total |  20097 |  18821 |   1276 |    577 |  12076 |  25 |  803.9 |
       Dungeon |  12712 |  11781 |    931 |    336 |   7989 |  15 |  847.5 |
        Temple |     50 |     33 |     17 |      0 |      0 |   1 |   50.0 |
          Lair |   5029 |   4809 |    220 |    200 |   3270 |   5 | 1005.8 |
  Orcish Mines |   1668 |   1562 |    106 |     27 |    817 |   2 |  834.0 |
      Ice Cave |    391 |    391 |      0 |     14 |      0 |   1 |  391.0 |
      Gauntlet |    244 |    244 |      0 |      0 |      0 |   1 |  244.0 |
               +--------+--------+--------+--------+--------+-----+--------+

Top non-repeatable levels by time:
    D:10: 1269 daAuts
  Lair:5: 1201 daAuts
  Lair:2: 1170 daAuts
     D:3: 1114 daAuts
   Orc:2: 1051 daAuts
     D:1: 1046 daAuts
     D:8: 1002 daAuts
    D:11: 1001 daAuts
    D:12: 1001 daAuts
  Lair:4: 957 daAuts
     D:5: 922 daAuts
  Lair:3: 893 daAuts
     D:9: 850 daAuts
     D:6: 846 daAuts
    D:13: 841 daAuts
